[Event "Titled Tuesday Blitz July 18 Late 2023"]
[White "Chen, Justin"]
[Black "Sztokbant, Bernardo Vainzoff"]
[WhiteFideId "2098199"]
[BlackFideId "2115956"]
[WhiteElo "2601"]
[BlackElo "2438"]
[Result "1-0"]
[Round "3"]
[TimeControl "180+2"]
[Date "2023.07.18"]
[WhiteClock "0:01:13"]
[BlackClock "0:00:16"]
[Board "83"]

1. d4 f5 2. g4 fxg4 3. e4 d5 4. Nc3 dxe4 5. Bc4 Nf6 6. Nge2 Nc6 7. Bf4 e6 8. Qd2 Bb4 9. h3 gxh3 10. Qe3 Qe7 11. O-O-O Bd6 12. Nxe4 Nxe4 13. Qxe4 Bd7 14. Rdg1 Bxf4+ 15. Nxf4 O-O-O 16. Nxe6 Bxe6 17. Qxe6+ Qxe6 18. Bxe6+ Kb8 19. d5 Nd4 20. Rxg7 Rhf8 21. Rh2 c6 22. c3 Nf3 23. Rxh3 cxd5 24. Rhxh7 Ka8 25. Rxb7 1-0


[Site "https://www.chess.com"]

[Event "Titled Tuesday Blitz July 18 Late 2023"]
[White "Vaibhav Jayant Raut"]
[Black "NLLO777"]
[WhiteFideId "5089034"]
[WhiteElo "2599"]
[BlackElo "2438"]
[Result "1-0"]
[Round "3"]
[TimeControl "180+2"]
[Date "2023.07.18"]
[WhiteClock "0:01:44"]
[BlackClock "0:01:13"]
[Board "84"]

1. d4 Nf6 2. Nf3 g6 3. Nc3 d5 4. Bg5 Bg7 5. h4 h6 6. Bf4 O-O 7. Qd2 Kh7 8. O-O-O Bf5 9. Ne5 Nbd7 10. f3 c5 11. e3 cxd4 12. exd4 Rc8 13. g4 Be6 14. Bd3 Nxe5 15. dxe5 Nd7 16. h5 Nxe5 17. hxg6+ fxg6 18. Bxe5 Bxe5 19. Qxh6+ Kg8 20. Qh7# 1-0


[Site "https://www.chess.com"]

[Event "Titled Tuesday Blitz July 18 Late 2023"]
[White "Pinheiro, Iung Alicio de O."]
[Black "Disconzi da Silva, Rodrigo"]
[WhiteFideId "2104350"]
[BlackFideId "2100991"]
[WhiteElo "2590"]
[BlackElo "2436"]
[Result "1-0"]
[Round "3"]
[TimeControl "180+2"]
[Date "2023.07.18"]
[WhiteClock "0:01:06"]
[BlackClock "0:00:14"]
[Board "85"]

1. e4 c5 2. Nf3 e6 3. Nc3 a6 4. d4 cxd4 5. Nxd4 Qc7 6. Be2 Nc6 7. O-O Nf6 8. a3 Nxd4 9. Qxd4 Bc5 10. Qd3 b5 11. Kh1 Bb7 12. f4 d5 13. Bf3 dxe4 14. Nxe4 Nxe4 15. Bxe4 Bxe4 16. Qxe4 O-O 17. f5 exf5 18. Qxf5 Rae8 19. Bf4 Qb6 20. Rae1 Bf2 21. Rxe8 Rxe8 22. Bg3 Qc5 23. Qxf2 Qxf2 24. Bxf2 Re2 25. Re1 1-0


[Site "https://www.chess.com"]

[Event "Titled Tuesday Blitz July 18 Late 2023"]
[White "Kovacsy, Barnabas"]
[Black "TimGrutter03"]
[WhiteFideId "769290"]
[WhiteElo "2436"]
[BlackElo "2589"]
[Result "0-1"]
[Round "3"]
[TimeControl "180+2"]
[Date "2023.07.18"]
[WhiteClock "0:00:01"]
[BlackClock "0:00:03"]
[Board "86"]

1. e4 e5 2. Nf3 Nc6 3. Bb5 a6 4. Bxc6 dxc6 5. Nc3 Bd6 6. d4 exd4 7. Qxd4 f6 8. Be3 Ne7 9. O-O-O Be6 10. Kb1 Ng6 11. Qd2 Qe7 12. Nd4 O-O-O 13. Nxe6 Qxe6 14. Qe2 Be5 15. Na4 Bd6 16. f3 Rhe8 17. Rhe1 f5 18. exf5 Qxf5 19. g3 Ne5 20. Bf4 g5 21. Bxe5 Rxe5 22. Qd3 Rxe1 23. Rxe1 Qa5 24. Re4 Bb4 25. Rd4 Rxd4 26. Qxd4 Qxa4 27. c3 b6 28. cxb4 c5 29. Qd3 Qxb4 30. Qxa6+ Kb8 31. Qd3 Qe1+ 32. Kc2 Qf2+ 33. Qd2 Qxf3 34. Qxg5 Qg2+ 35. Qd2 Qe4+ 36. Qd3 Qa4+ 37. Kb1 Qg4 38. b3 h5 39. Kb2 Qg7+ 40. Kc2 Qf7 41. Qd8+ Kb7 42. Qd2 Qf5+ 43. Qd3 Qf2+ 44. Qd2 Qf5+ 45. Qd3 Qg4 46. Qd5+ Ka7 47. Qc6 Qe2+ 48. Kc3 Qe5+ 49. Kc2 h4 50. gxh4 Qxh2+ 51. Kc3 Qh3+ 52. Kc2 Qh2+ 53. Kc3 Qg3+ 54. Kb2 Qh2+ 55. Ka3 Qg3 56. h5 Qf4 57. Qg2 Qc1+ 58. Qb2 Qf4 59. Qg7 Qb4+ 60. Kb2 Qd2+ 61. Ka3 Qc1+ 62. Ka4 Qf4+ 63. Kb5 Qb4+ 64. Kc6 Qe4+ 65. Kb5 Qd3+ 66. Kc6 Qe4+ 67. Kd7 Qd5+ 68. Ke7 Qxh5 69. Kd8 Qd5+ 70. Kc8 Qb7+ 71. Kd7 c6+ 72. Kd8 Qxg7 73. Kc8 Qb7+ 0-1


[Site "https://www.chess.com"]

[Event "Titled Tuesday Blitz July 18 Late 2023"]
[White "Rios Escobar, Adan"]
[Black "Geivondian, Arman"]
[WhiteFideId "3403645"]
[BlackFideId "24102032"]
[WhiteElo "2434"]
[BlackElo "2587"]
[Result "0-1"]
[Round "3"]
[TimeControl "180+2"]
[Date "2023.07.18"]
[WhiteClock "0:00:05"]
[BlackClock "0:02:13"]
[Board "87"]

1. d4 Nf6 2. g3 e6 3. c4 Bb4+ 4. Nd2 O-O 5. Bg2 c5 6. d5 exd5 7. cxd5 Re8 8. a3 Ba5 9. Nh3 d6 10. Nf4 Nbd7 11. O-O Ne5 12. h3 Ng6 13. Nc4 Bc7 14. a4 Bf5 15. Re1 Be4 16. Nxg6 hxg6 17. Bg5 Bxg2 18. Kxg2 Qd7 19. Bxf6 gxf6 20. e4 f5 21. e5 dxe5 22. d6 Qc6+ 23. Kh2 Rad8 24. Rxe5 Rxe5 25. Nxe5 Qxd6 26. Qxd6 Rxd6 27. Nc4 Rd4 28. b3 f4 29. Kg2 fxg3 30. fxg3 Rd3 31. Re1 Rxg3+ 32. Kf2 Rxb3 33. Re7 Bg3+ 34. Kg2 Bh4 35. Rc7 Rg3+ 36. Kh2 Rc3 37. Rxc5 Kg7 38. Kg2 a6 39. a5 Bd8 40. Rc8 Bxa5 41. h4 b5 42. Nd6 Rxc8 43. Nxc8 Be1 44. Kh3 f5 45. Nd6 Kf6 46. h5 gxh5 47. Kg2 h4 48. Nb7 a5 49. Nc5 a4 50. Nd3 Bc3 51. Nf4 Kf7 52. Nd5 b4 53. Ne3 a3 54. Nxf5 a2 55. Nd6+ Ke6 56. Ne4 a1=Q 57. Nc5+ Kd5 58. Nd3 Qb1 59. Nf4+ Ke4 60. Ne6 Qc2+ 61. Kh3 Qd3+ 62. Kxh4 Bf6+ 63. Kg4 Qf3# 0-1


[Site "https://www.chess.com"]

[Event "Titled Tuesday Blitz July 18 Late 2023"]
[White "Rodchenkov, Sergey D."]
[Black "Sliwicki, Damian"]
[WhiteFideId "4168712"]
[BlackFideId "1127128"]
[WhiteElo "2587"]
[BlackElo "2433"]
[Result "1-0"]
[Round "3"]
[TimeControl "180+2"]
[Date "2023.07.18"]
[WhiteClock "0:00:56"]
[BlackClock "0:00:20"]
[Board "88"]

1. e4 c5 2. Nf3 g6 3. d4 cxd4 4. Nxd4 Nc6 5. c4 Nf6 6. Nc3 Nxd4 7. Qxd4 d6 8. Be3 Bg7 9. Qd3 O-O 10. Be2 a5 11. O-O a4 12. Bd4 Qa5 13. f4 a3 14. b3 Bd7 15. e5 Bf5 16. Qe3 Nd7 17. Nd5 Rfe8 18. Kh1 e6 19. Nf6+ Nxf6 20. exf6 Bh8 21. g4 e5 22. Bc3 exf4 23. Qxe8+ Rxe8 24. Bxa5 Be4+ 25. Bf3 Bxf6 26. Rae1 Bxf3+ 27. Rxf3 Be5 28. Bb4 Ra8 29. Rd3 Ra6 30. Red1 1-0


[Site "https://www.chess.com"]

[Event "Titled Tuesday Blitz July 18 Late 2023"]
[White "Arnold, Ken"]
[Black "Lizak, Peter"]
[WhiteFideId "2056836"]
[BlackFideId "731595"]
[WhiteElo "2430"]
[BlackElo "2586"]
[Result "0-1"]
[Round "3"]
[TimeControl "180+2"]
[Date "2023.07.18"]
[WhiteClock "0:00:12"]
[BlackClock "0:01:12"]
[Board "89"]

1. d4 Nf6 2. Nf3 c5 3. c3 d5 4. g3 Nc6 5. Bg2 cxd4 6. Nxd4 e5 7. Nxc6 bxc6 8. O-O Be7 9. b3 O-O 10. Bb2 a5 11. Nd2 a4 12. c4 d4 13. Bxc6 Bh3 14. Bg2 Bxg2 15. Kxg2 a3 16. Bc1 e4 17. f3 e3 18. Ne4 Nxe4 19. fxe4 Bb4 20. Qd3 Ra6 21. Rb1 Re6 22. Rf5 Rf6 23. Rxf6 Qxf6 24. Bxe3 dxe3 25. Qxe3 Rd8 26. Rf1 Qc6 27. Qf3 f6 28. h4 Rd2 29. Kh3 Qe6+ 30. g4 Rxa2 31. Qd3 Rd2 32. Qf3 a2 0-1


[Site "https://www.chess.com"]

[Event "Titled Tuesday Blitz July 18 Late 2023"]
[White "ArchibaldCerveza29"]
[Black "Golubev, Mikhail"]
[BlackFideId "14100983"]
[WhiteElo "2428"]
[BlackElo "2586"]
[Result "1-0"]
[Round "3"]
[TimeControl "180+2"]
[Date "2023.07.18"]
[WhiteClock "0:00:03"]
[BlackClock "0:00:00"]
[Board "90"]

1. e4 c5 2. c3 d5 3. exd5 Nf6 4. d4 Nxd5 5. Nf3 e6 6. Bd3 Nc6 7. O-O Be7 8. a3 cxd4 9. cxd4 O-O 10. Nc3 Bf6 11. Re1 Nxd4 12. Nxd4 Bxd4 13. Bxh7+ Kxh7 14. Qxd4 Nxc3 15. Qxc3 b6 16. Qf3 Qd5 17. Qh3+ Kg8 18. Bf4 Bb7 19. Re5 Qc4 20. Rh5 f6 21. Rh4 Rfc8 22. Rd1 Bd5 23. Rh8+ Kf7 24. Qh5+ Ke7 25. Rh7 Qxf4 26. Rxg7+ Kd6 27. Qf7 Kc6 28. Qd7+ Kc5 29. Rg3 b5 30. Rc3+ Kb6 31. Rxc8 Rxc8 32. Qxc8 Qg4 33. Qb8+ Ka6 34. Qd6+ Kb7 35. Qd7+ Kb6 36. Qd8+ Kb7 37. Rxd5 1-0


[Site "https://www.chess.com"]

[Event "Titled Tuesday Blitz July 18 Late 2023"]
[White "Fonseca Manrique, Enrique"]
[Black "Lima, Kleyton Alcantara"]
[WhiteFideId "5114330"]
[BlackFideId "22718397"]
[WhiteElo "2584"]
[BlackElo "2428"]
[Result "1-0"]
[Round "3"]
[TimeControl "180+2"]
[Date "2023.07.18"]
[WhiteClock "0:01:23"]
[BlackClock "0:01:32"]
[Board "91"]

1. e4 c5 2. Nc3 d6 3. f4 Nc6 4. Nf3 g6 5. Bb5 Bd7 6. O-O Bg7 7. d3 e6 8. f5 exf5 9. Qe1 Nf6 10. exf5+ Kf8 11. Qh4 Bxf5 12. Bh6 Ng4 13. Ng5 Bxh6 14. Nce4 Bxe4 15. Ne6+ Kg8 16. Nxd8 Rxd8 17. Bxc6 Be3+ 18. Kh1 g5 19. Qxg4 Bxc6 20. Rae1 h5 21. Qf5 1-0


[Site "https://www.chess.com"]

[Event "Titled Tuesday Blitz July 18 Late 2023"]
[White "Manukian, Artak"]
[Black "Ozates, Tuna"]
[WhiteFideId "13301373"]
[BlackFideId "6354521"]
[WhiteElo "2427"]
[BlackElo "2584"]
[Result "1-0"]
[Round "3"]
[TimeControl "180+2"]
[Date "2023.07.18"]
[WhiteClock "0:00:05"]
[BlackClock "0:00:03"]
[Board "92"]

1. e4 e5 2. Nf3 Nc6 3. d4 exd4 4. Nxd4 Nf6 5. Nxc6 bxc6 6. e5 Qe7 7. Qe2 Nd5 8. c4 Ba6 9. b3 g6 10. g3 Bg7 11. Bb2 O-O 12. Bg2 Rfe8 13. O-O Rab8 14. Re1 d6 15. Qd2 Nb6 16. Bxc6 Red8 17. Qa5 Bxc4 18. Nd2 Be6 19. Nf3 d5 20. Ba3 Qe8 21. Bxe8 Rxe8 22. Qxa7 Nd7 23. Qa6 Ra8 24. Qc6 Rxa3 25. Qxc7 h6 26. Nd4 Nf8 27. Qc5 Rea8 28. Nb5 R3a5 29. b4 Nd7 30. Qc6 R5a6 31. Qc3 Rxa2 32. Rxa2 Rxa2 33. Nd6 g5 34. b5 Bf8 35. Qb3 Ra8 36. b6 Rb8 37. b7 d4 38. Qb5 Bg7 39. f4 gxf4 40. gxf4 Bg4 41. f5 Nxe5 42. Rxe5 Bxe5 43. Qxe5 Rd8 44. Qe7 Rb8 45. Qc7 Rf8 46. b8=Q Rxb8 47. Qxb8+ 1-0


[Site "https://www.chess.com"]

[Event "Titled Tuesday Blitz July 18 Late 2023"]
[White "Pinero Rodriguez, Carlos Jose"]
[Black "Uzcategui Rodriguez, Alejandro"]
[WhiteFideId "3901726"]
[BlackFideId "3903400"]
[WhiteElo "2583"]
[BlackElo "2423"]
[Result "1-0"]
[Round "3"]
[TimeControl "180+2"]
[Date "2023.07.18"]
[WhiteClock "0:00:38"]
[BlackClock "0:00:11"]
[Board "93"]

1. b3 e5 2. Bb2 Nc6 3. e3 a6 4. c4 Nf6 5. a3 a5 6. Nc3 Be7 7. Qc2 d6 8. Nf3 Bg4 9. h3 Bh5 10. d3 O-O 11. g4 Bg6 12. Ne4 Nxe4 13. dxe4 h5 14. Be2 h4 15. Rd1 Qc8 16. Nd2 Bg5 17. Nb1 Nb8 18. Nc3 Nd7 19. Nb5 Nc5 20. Bf3 Rd8 21. O-O Be7 22. Bg2 c6 23. Nc3 f6 24. a4 d5 25. f4 exf4 26. exf4 Nxe4 27. Nxe4 dxe4 28. Bxe4 Bc5+ 29. Kg2 Bxe4+ 30. Qxe4 Qc7 31. Qf5 Rxd1 32. Rxd1 Re8 33. Rd7 Qc8 34. Bxf6 Re2+ 35. Kh1 Re1+ 36. Kg2 Re2+ 37. Kf1 Rf2+ 38. Ke1 Qe8+ 39. Be5 Rxf4 40. Rxg7+ Kh8 41. Qh7# 1-0


[Site "https://www.chess.com"]

[Event "Titled Tuesday Blitz July 18 Late 2023"]
[White "Castaneda, Jhon David"]
[Black "Herman, Daniel"]
[WhiteFideId "4405048"]
[BlackFideId "30935008"]
[WhiteElo "2583"]
[BlackElo "2419"]
[Result "0-1"]
[Round "3"]
[TimeControl "180+2"]
[Date "2023.07.18"]
[WhiteClock "0:00:00"]
[BlackClock "0:00:11"]
[Board "94"]

1. d4 Nf6 2. Nf3 e6 3. c4 b6 4. g3 Ba6 5. Qa4 c5 6. Bg2 Bb7 7. dxc5 bxc5 8. O-O Be7 9. Nc3 O-O 10. Bf4 Qb6 11. Qc2 Nc6 12. Rfd1 d5 13. cxd5 exd5 14. a3 Rfd8 15. Rac1 Rac8 16. Bh3 c4 17. Bxc8 Bxc8 18. Be3 Qc7 19. Nb5 Qd7 20. Nbd4 Nxd4 21. Bxd4 Qh3 22. Qa4 Bf5 23. Bxf6 Bxf6 24. Rxd5 Rf8 25. Rcd1 h6 26. Rc5 Be6 27. Qxa7 Bxb2 28. a4 c3 29. Qc7 Bb3 30. Rd8 Rxd8 31. Qxd8+ Kh7 32. Rxc3 Bxc3 33. Qd3+ g6 34. Qxc3 Qe6 0-1


[Site "https://www.chess.com"]

[Event "Titled Tuesday Blitz July 18 Late 2023"]
[White "Zenin, Dmitry"]
[Black "Dragomirescu, Robin-Alexandru"]
[WhiteFideId "4127897"]
[BlackFideId "1213849"]
[WhiteElo "2418"]
[BlackElo "2582"]
[Result "0-1"]
[Round "3"]
[TimeControl "180+2"]
[Date "2023.07.18"]
[WhiteClock "0:01:02"]
[BlackClock "0:01:30"]
[Board "95"]

1. d4 Nf6 2. c4 e6 3. Nc3 Bb4 4. Qc2 O-O 5. Nf3 d5 6. cxd5 exd5 7. Bf4 c6 8. e3 Re8 9. Bd3 h6 10. h3 a5 11. O-O Bd6 12. Bxd6 Qxd6 13. Ne5 Nbd7 14. f4 b6 15. Rac1 Bb7 16. a4 Nb8 17. Na2 Na6 18. Qb3 Nb4 19. Nxb4 axb4 20. Rc2 c5 21. Bb5 c4 0-1


[Site "https://www.chess.com"]

[Event "Titled Tuesday Blitz July 18 Late 2023"]
[White "Mazurkiewicz, Michal"]
[Black "Kretchetov, Alexandre"]
[WhiteFideId "1124943"]
[BlackFideId "4124588"]
[WhiteElo "2418"]
[BlackElo "2574"]
[Result "0-1"]
[Round "3"]
[TimeControl "180+2"]
[Date "2023.07.18"]
[WhiteClock "0:00:00"]
[BlackClock "0:01:52"]
[Board "96"]

1. e4 e5 2. Nf3 Nc6 3. Bb5 g6 4. O-O Bg7 5. c3 a6 6. Ba4 d6 7. d4 Bd7 8. Re1 Nf6 9. Nbd2 O-O 10. Bxc6 Bxc6 11. dxe5 dxe5 12. Nxe5 Bxe4 13. Nxe4 Qxd1 14. Nxf6+ Bxf6 15. Rxd1 Bxe5 16. Bh6 Rfd8 17. Kf1 f6 18. Ke2 Kf7 19. Be3 Ke6 20. h3 f5 21. Kf3 a5 22. Re1 Kf7 23. Bg5 Bf6 24. Bxf6 Kxf6 25. Rad1 a4 26. a3 Kf7 27. Kf4 Rxd1 28. Rxd1 Ke6 29. Re1+ Kf6 30. Rd1 g5+ 31. Kf3 Ra6 32. Rd7 Rb6 33. Rxh7 Rxb2 34. Rxc7 Rb3 35. Ke2 b5 36. Rc5 Rxa3 37. Rxb5 Rxc3 38. Ra5 Ra3 39. g3 Ra2+ 40. Kf1 a3 41. Kg2 Ra1 42. h4 gxh4 43. gxh4 Kg6 44. h5+ Kg5 45. h6 Kxh6 46. Rxf5 Kg6 47. Ra5 Kf6 48. Kf3 Ke6 49. Ke2 a2 50. Kd2 Rf1 0-1


[Site "https://www.chess.com"]

[Event "Titled Tuesday Blitz July 18 Late 2023"]
[White "Stachanczyk, Jacek"]
[Black "Vovk, Orest"]
[WhiteFideId "1116657"]
[BlackFideId "14113490"]
[WhiteElo "2417"]
[BlackElo "2573"]
[Result "1-0"]
[Round "3"]
[TimeControl "180+2"]
[Date "2023.07.18"]
[WhiteClock "0:00:12"]
[BlackClock "0:00:02"]
[Board "97"]

1. e4 g5 2. d4 g4 3. h3 d5 4. exd5 Qxd5 5. Nc3 Qa5 6. hxg4 Bg7 7. Bc4 Nc6 8. Bd2 Nxd4 9. Nb5 Qb6 10. Be3 c5 11. Bxd4 cxd4 12. Qf3 Be6 13. Bxe6 Qxe6+ 14. Ne2 Qd7 15. Nbxd4 Bxd4 16. Rd1 Bxf2+ 17. Qxf2 Qxg4 18. O-O Nf6 19. Rd4 Qg5 20. Qf3 O-O 21. c3 Rad8 22. Rf4 Rd2 23. Qe3 Rd7 24. R1f3 Kh8 25. Rg3 Qd5 26. Rxf6 exf6 27. Qh6 Qg5 28. Rxg5 Rd1+ 29. Kf2 Re8 30. Qxf6# 1-0


[Site "https://www.chess.com"]

[Event "Titled Tuesday Blitz July 18 Late 2023"]
[White "Baches Garcia, Guillermo"]
[Black "Bartel, Michal"]
[WhiteFideId "2209764"]
[BlackFideId "1119257"]
[WhiteElo "2416"]
[BlackElo "2571"]
[Result "0-1"]
[Round "3"]
[TimeControl "180+2"]
[Date "2023.07.18"]
[WhiteClock "0:00:00"]
[BlackClock "0:00:57"]
[Board "98"]

1. e4 e5 2. Nf3 Nc6 3. Nc3 g6 4. d4 exd4 5. Nxd4 Bg7 6. Be3 Nf6 7. f3 O-O 8. Qd2 Re8 9. O-O-O d5 10. Bb5 Bd7 11. exd5 Nxd4 12. Bxd4 Bxb5 13. Nxb5 Qxd5 14. Nc3 Qa5 15. Kb1 Rad8 16. Qf2 a6 17. Rhe1 Rxe1 18. Qxe1 Qb4 19. a3 Qc4 20. Bf2 Re8 21. Qd2 Nh5 22. Ne4 b6 23. Qd5 Qe2 24. Re1 Qb5 25. Qxb5 axb5 26. g4 f5 27. gxh5 fxe4 28. hxg6 hxg6 29. Rxe4 Rd8 30. Bg3 Rd1+ 31. Ka2 Rd7 32. Kb3 Kf7 33. c4 bxc4+ 34. Kc2 b5 35. a4 c6 36. axb5 cxb5 37. b3 c3 38. Re2 b4 39. Bf2 Bf8 40. Bg3 Rd3 41. Re4 Rxf3 42. Rf4+ Rxf4 43. Bxf4 Ke6 44. Be3 Kd5 45. Kd3 Ke5 46. Bd4+ Kf5 47. Bxc3 bxc3 48. Kxc3 Kg4 49. b4 Kh3 0-1


[Site "https://www.chess.com"]

[Event "Titled Tuesday Blitz July 18 Late 2023"]
[White "Grebeniuk, Semen"]
[Black "Rosenberg, Evan S"]
[WhiteFideId "14117509"]
[BlackFideId "2019299"]
[WhiteElo "2570"]
[BlackElo "2412"]
[Result "1-0"]
[Round "3"]
[TimeControl "180+2"]
[Date "2023.07.18"]
[WhiteClock "0:00:18"]
[BlackClock "0:00:00"]
[Board "99"]

1. Nf3 d5 2. e3 c5 3. b3 f6 4. d4 Nc6 5. Bb2 Bg4 6. Be2 e6 7. O-O a6 8. h3 Bh5 9. Nbd2 Bd6 10. c4 Nge7 11. cxd5 exd5 12. dxc5 Bxc5 13. a3 O-O 14. b4 Ba7 15. Nb3 Bf7 16. Rc1 Rc8 17. Qd2 Re8 18. Rfd1 Nf5 19. Nc5 Qe7 20. Bd3 Nd6 21. Nd4 Ne5 22. Nf5 Nxf5 23. Bxf5 Rcd8 24. Bd3 Nc4 25. Bxc4 dxc4 26. Bd4 Bb8 27. Qe2 Qc7 28. f4 Qxf4 29. exf4 Rxe2 30. Nxb7 Rde8 31. Bf2 Bxf4 32. Nd6 Bxc1 33. Nxe8 Bxa3 34. Nc7 Bxb4 35. Rd8+ Bf8 36. Bc5 g6 37. Bxf8 h5 38. Nxa6 Kh7 39. Bb4 Rb2 40. Bc3 Rb1+ 41. Kh2 Kg7 42. Rd6 Rf1 43. Nc5 g5 44. Nd7 g4 45. hxg4 hxg4 46. Nxf6 Kf8 47. Nxg4 Ke7 48. Rb6 Rc1 49. Bf6+ Kd7 50. Ne5+ Kc7 51. Rc6+ Kb7 52. Rc5 Be6 53. Nf3 Kb6 54. Bd4 Kb7 55. Be3 Bd7 56. Bxc1 1-0


[Site "https://www.chess.com"]

[Event "Titled Tuesday Blitz July 18 Late 2023"]
[White "Al Mukhaini, Shima"]
[Black "Ambartsumova, Karina"]
[WhiteFideId "22005854"]
[BlackFideId "4166299"]
[WhiteElo "2410"]
[BlackElo "2570"]
[Result "0-1"]
[Round "3"]
[TimeControl "180+2"]
[Date "2023.07.18"]
[WhiteClock "0:02:21"]
[BlackClock "0:01:49"]
[Board "100"]

1. b3 e5 2. Bb2 Nc6 3. e3 g6 4. Bb5 Bg7 5. d4 Nge7 6. Nf3 d6 7. d5 a6 8. Be2 Nb8 9. c4 O-O 10. O-O Nd7 11. e4 f5 12. Ng5 Nf6 13. f3 h6 14. Ne6 Bxe6 15. dxe6 Qc8 16. Nc3 Qxe6 17. Nd5 Rac8 18. c5 Nexd5 19. Bc4 c6 20. cxd6 Qxd6 21. Re1 Rfe8 22. Qd2 Kh7 23. Rad1 Qc5+ 0-1


[Site "https://www.chess.com"]

[Event "Titled Tuesday Blitz July 18 Late 2023"]
[White "Vlassov, Nikolai"]
[Black "Melikhov, Evgeny V."]
[WhiteFideId "4103360"]
[BlackFideId "4122046"]
[WhiteElo "2568"]
[BlackElo "2409"]
[Result "1-0"]
[Round "3"]
[TimeControl "180+2"]
[Date "2023.07.18"]
[WhiteClock "0:00:04"]
[BlackClock "0:00:02"]
[Board "101"]

1. e4 e5 2. Bc4 Nf6 3. d3 Nc6 4. Nf3 Be7 5. O-O O-O 6. Re1 d6 7. a4 Be6 8. Nbd2 Qd7 9. a5 Bxc4 10. Nxc4 b5 11. Ne3 Rfe8 12. a6 Nd4 13. Nxd4 exd4 14. Nf5 c5 15. Bg5 h6 16. Bh4 Kh7 17. Qf3 Qe6 18. b4 Ng8 19. Bg3 g6 20. Nxe7 Rxe7 21. Ra5 Qd7 22. Rb1 c4 23. h4 h5 24. e5 d5 25. Qf4 Nh6 26. Qxd4 Nf5 27. Qf4 Rc8 28. Raa1 Rc6 29. f3 Rce6 30. Re1 Qc8 31. Bf2 Rxa6 32. g4 Ng7 33. Qg5 Rae6 34. Bd4 cxd3 35. cxd3 Qc2 36. Re3 Qb3 37. Bc5 Rd7 38. Kf2 d4 39. Re2 Qd5 40. Rae1 a5 41. Qf4 a4 42. Bf8 a3 43. Bxg7 Kxg7 44. gxh5 a2 45. hxg6 Rxg6 46. h5 Rh6 47. Rg1+ Kh7 48. Qf5+ Kh8 49. Qg5 Rg6 50. hxg6 f6 51. Qxf6+ Kg8 52. Rh1 Rg7 53. e6 a1=Q 54. Rxa1 Qh5 55. Ra8# 1-0


[Site "https://www.chess.com"]

[Event "Titled Tuesday Blitz July 18 Late 2023"]
[White "Manukyan, Artyom"]
[Black "Luong Phuong Hanh"]
[WhiteFideId "13305786"]
[BlackFideId "12401013"]
[WhiteElo "2567"]
[BlackElo "2404"]
[Result "1-0"]
[Round "3"]
[TimeControl "180+2"]
[Date "2023.07.18"]
[WhiteClock "0:00:06"]
[BlackClock "0:00:00"]
[Board "102"]

1. e4 c5 2. Nc3 Nc6 3. g3 g6 4. Bg2 Bg7 5. d3 d6 6. Be3 Nf6 7. h3 O-O 8. Qd2 Nd4 9. Nge2 e5 10. f4 Nh5 11. O-O Nxe2+ 12. Nxe2 exf4 13. gxf4 Rb8 14. f5 b5 15. c3 b4 16. c4 b3 17. a3 Be5 18. d4 cxd4 19. Bxd4 Ba6 20. Rac1 Qh4 21. Bxe5 dxe5 22. Qd6 Rbd8 23. Qxa6 Rd2 24. c5 Ng3 25. Rf2 Qg5 26. Rc3 Nxe4 27. h4 Qg4 28. Rd3 Rxe2 29. Rxe2 Qxe2 30. Qc4 Qe1+ 31. Kh2 Qxh4+ 32. Kg1 Qe1+ 33. Kh2 Nf2 34. Rd7 h5 35. fxg6 Ng4+ 36. Kh3 Qe3+ 37. Kh4 Qf2+ 38. Kxh5 Qf5+ 39. Kh4 Qxg6 40. Qxg4 Kg7 41. Qxg6+ Kxg6 42. Kg3 f5 43. Bf3 Kg5 44. Rd6 e4 45. Be2 f4+ 46. Kf2 Rh8 47. Rd5+ Kf6 48. c6 Rh2+ 49. Ke1 f3 50. Bd1 Rh1+ 51. Kd2 f2 52. Be2 1-0


[Site "https://www.chess.com"]

[Event "Titled Tuesday Blitz July 18 Late 2023"]
[White "Ortega Ruiz, Jose Miguel"]
[Black "robertoalejandro10"]
[WhiteFideId "2209713"]
[WhiteElo "2401"]
[BlackElo "2564"]
[Result "0-1"]
[Round "3"]
[TimeControl "180+2"]
[Date "2023.07.18"]
[WhiteClock "0:00:00"]
[BlackClock "0:01:00"]
[Board "103"]

1. e4 c5 2. Nf3 g6 3. d4 cxd4 4. c3 d3 5. c4 Bg7 6. Bxd3 Nc6 7. O-O d6 8. Nc3 Nf6 9. h3 O-O 10. Re1 Nd7 11. Bf1 Nde5 12. Nxe5 Nxe5 13. Be3 Be6 14. Nd5 Rc8 15. Rc1 Bxd5 16. exd5 Qa5 17. a3 Rfe8 18. Bd4 Nd7 19. Bxg7 Kxg7 20. Qf3 Ne5 21. Qe4 Rc7 22. f4 Qb6+ 23. Kh2 Nd7 24. b4 Nf6 25. Qe2 Rec8 26. f5 Qd4 27. fxg6 hxg6 28. Qf3 Nxd5 29. Rcd1 Qf4+ 30. Qxf4 Nxf4 31. g3 Nh5 32. Rd4 Nf6 33. Red1 b6 34. g4 Nd7 35. c5 bxc5 36. bxc5 Nxc5 37. Rf4 Ne6 38. Ra4 Rc2+ 39. Kg3 R8c3+ 40. Rd3 Rxd3+ 41. Bxd3 Rc3 0-1


[Site "https://www.chess.com"]

[Event "Titled Tuesday Blitz July 18 Late 2023"]
[White "cedchass2006"]
[Black "Pham, Le Thao Nguyen"]
[BlackFideId "12401226"]
[WhiteElo "2400"]
[BlackElo "2557"]
[Result "1/2-1/2"]
[Round "3"]
[TimeControl "180+2"]
[Date "2023.07.18"]
[WhiteClock "0:00:04"]
[BlackClock "0:00:05"]
[Board "104"]

1. e4 c5 2. Nf3 a6 3. g3 b6 4. Bg2 Bb7 5. Qe2 Nc6 6. O-O g6 7. c3 Bg7 8. Rd1 e5 9. Na3 Nge7 10. Nc2 d6 11. d4 Qc7 12. d5 Nb8 13. c4 O-O 14. Nfe1 f5 15. f4 Nd7 16. Nd3 b5 17. Nde1 bxc4 18. exf5 Nxf5 19. Qxc4 Rae8 20. Bd2 exf4 21. Bxf4 Bxb2 22. Rab1 Be5 23. Nd3 Bg7 24. g4 Nd4 25. Nxd4 Bxd4+ 26. Kh1 Nb6 27. Qb3 c4 28. Qc2 Bxd5 29. Bxd5+ Nxd5 30. Bxd6 Qxd6 31. Qxc4 Re4 32. Nb4 Rd8 33. Rxd4 Rxd4 34. Qxd4 Nxb4 35. Qxb4 Qd5+ 36. Kg1 Qxa2 37. Qb3+ Qxb3 38. Rxb3 Rd4 39. h3 a5 40. Rb8+ Kg7 41. Rb7+ Kh6 42. g5+ Kxg5 43. Rxh7 a4 44. Ra7 Kh4 45. Kg2 Rd2+ 46. Kg1 Rd4 47. Kg2 Rd2+ 48. Kg1 Ra2 49. Ra6 g5 50. Ra5 Kxh3 51. Rxg5 a3 52. Ra5 Kg3 53. Kf1 Kf3 54. Ke1 Ke3 55. Kd1 Kd3 56. Kc1 Kc3 57. Kb1 Rb2+ 58. Ka1 Kb3 59. Rxa3+ Kxa3 1/2-1/2


[Site "https://www.chess.com"]

[Event "Titled Tuesday Blitz July 18 Late 2023"]
[White "whiteglovethief"]
[Black "Przybylski, Wojciech"]
[BlackFideId "1117599"]
[WhiteElo "2394"]
[BlackElo "2555"]
[Result "1-0"]
[Round "3"]
[TimeControl "180+2"]
[Date "2023.07.18"]
[WhiteClock "0:00:26"]
[BlackClock "0:00:07"]
[Board "105"]

1. d4 d5 2. c4 e6 3. Nf3 Nf6 4. g3 Be7 5. Bg2 O-O 6. O-O b6 7. Nc3 Ba6 8. Ne5 c6 9. Qc2 Nfd7 10. Nxd7 Nxd7 11. Rd1 Bxc4 12. e4 Rc8 13. Qa4 a5 14. exd5 Bxd5 15. Nxd5 exd5 16. Bf4 b5 17. Qc2 Nb6 18. Bh3 Nd7 19. Rac1 g6 20. Qd2 Bb4 21. Qe3 Re8 22. Qf3 f5 23. a3 Be7 24. Rxc6 Nf6 25. Rxc8 Qxc8 26. Rc1 Qe6 27. Be5 Ne4 28. Rc7 Ng5 29. Qg2 Nxh3+ 30. Qxh3 Rc8 31. Rxc8+ Qxc8 32. Qh6 Bf8 33. Qg5 Qc6 34. Qd8 a4 35. Kg2 Kf7 36. h4 h5 37. Kf3 Kg8 38. Bf4 Kf7 39. Be5 Be7 40. Qh8 Qe6 41. Qb8 Qd7 42. Kf4 Qc6 43. Qc7 Qxc7 44. Bxc7 Ke6 45. Ba5 Bf6 46. Ke3 Be7 47. Bb4 Bd8 48. f4 Bc7 49. Kd3 Bb6 50. Bc5 Ba5 51. Bb4 Bd8 52. Kc3 Kd7 53. Bc5 Kc6 54. Bb4 Bb6 55. Kd3 Ba7 56. Kc3 Bb8 57. Kd3 Bc7 58. Kc3 Bd8 59. Kd3 Bb6 60. Kc3 Bd8 61. Kd3 Bf6 62. Kc3 Kb6 63. Kd3 Bg7 64. Kc3 Bh6 65. Kd3 Bg7 66. Kc3 Bh8 67. Kd3 Bf6 68. Kc3 Kb7 69. Kd3 Kc7 70. Kc3 Kc6 71. Kd3 Bd8 72. Kc3 Bc7 73. Kd3 Bb6 74. Kc3 Ba7 75. Kd3 Bb8 76. Kc3 Kd7 77. Kd3 Bc7 78. Kc3 Bd8 79. Bc5 Bf6 80. Kb4 Kc6 81. Ka5 Bg7 82. Ka6 Bh8 83. Ka7 Kc7 84. Ka6 Kc6 85. Ka7 Bf6 86. Kb8 b4 87. axb4 Kb5 88. Kc7 Kc4 89. Kc6 Kb3 90. b5 Bd8 91. b6 Bxb6 92. Bxb6 Kxb2 93. Bc5 Kc3 94. Kxd5 Kd3 95. Ke5 Ke3 96. Kf6 Kf3 97. Kxg6 Kxg3 98. Kxf5 Kxh4 99. d5 Kg3 100. d6 a3 101. d7 a2 102. Bd4 h4 103. d8=Q h3 104. Qg5+ Kf3 105. Qg4# 1-0


[Site "https://www.chess.com"]